 Dungeon Crawl Stone Soup version 0.23-a0-519-ga799fc4 (webtiles) character file.

20 tidbits the Caller (level 2, 20/20 HPs)
             Began as a Gnoll Summoner on Dec 6, 2018.
             Quit the game on level 4 of the Dungeon.
             The game lasted 00:05:08 (686 turns).

tidbits the Caller (Gnoll Summoner)                  Turns: 686, Time: 00:05:08

Health: 20/20      AC:  3    Str: 10    XL:     2   Next: 79%
Magic:  7/7        EV: 19    Int: 17    God:
Gold:   105        SH:  4    Dex: 20    Spells: 7/10 levels left

rFire    . . .     SeeInvis .   a - +0 dagger
rCold    . . .     Gourm    .   D - +0 buckler
rNeg     . . .     Faith    .   p - +0 robe
rPois    .         Spirit   .   E - +0 helmet
rElec    .         Reflect  .   (no cloak)
rCorr    .         Harm     .   (no gloves)
MR       .....                  (no boots)
Stlth    ++++......             (no amulet)
HPRegen  0.06/turn              (no ring)
MPRegen  0.10/turn              (no ring)

@: agile
A: distributed training, fangs 1, strong nose
a: no special abilities


You were on level 4 of the Dungeon.
You were not hungry.

You visited 1 branch of the dungeon, and saw 5 of its levels.

You collected 105 gold pieces.

Inventory:

Hand Weapons
 a - a +0 dagger (weapon)
 b - a +0 short sword
 g - a +0 blowgun
 r - a +0 quarterstaff
Missiles
 f - 14 arrows
 k - 10 poisoned needles
 o - 24 stones (quivered)
 q - 32 sling bullets
Armour
 m - a scarf of spirit shield
   (You found it on level 3 of the Dungeon)
 p - a +0 robe (worn)
 D - a +0 buckler (worn)
 E - a +0 helmet (worn)
Scrolls
 d - 2 scrolls of teleportation {unknown}
 e - 5 scrolls of remove curse {unknown}
 h - 4 scrolls of identify
 l - a scroll of noise {unknown}
Potions
 j - a potion of heal wounds
 s - a potion of cancellation
Comestibles
 c - 5 rations


   Skills:
 + Level 0.5 Fighting
 + Level 0.5 Short Blades
 + Level 0.5 Long Blades
 + Level 0.5 Axes
 + Level 0.5 Maces & Flails
 + Level 0.5 Polearms
 + Level 0.5 Staves
 + Level 0.5 Slings
 + Level 0.5 Bows
 + Level 0.5 Crossbows
 + Level 0.5 Throwing
 + Level 0.5 Armour
 + Level 4.5 Dodging
 + Level 4.1 Stealth
 + Level 0.5 Shields
 + Level 0.5 Unarmed Combat
 + Level 4.9 Spellcasting
 + Level 0.3 Conjurations
 + Level 0.3 Hexes
 + Level 0.3 Charms
 + Level 7.0 Summonings
 + Level 0.3 Necromancy
 + Level 0.3 Translocations
 + Level 0.3 Transmutations
 + Level 0.3 Fire Magic
 + Level 0.3 Ice Magic
 + Level 0.3 Air Magic
 + Level 0.3 Earth Magic
 + Level 0.3 Poison Magic
 + Level 0.6 Invocations
 + Level 0.5 Evocations


You had 7 spell levels left.
You knew the following spells:

 Your Spells              Type           Power        Failure   Level  Hunger
a - Summon Small Mammal   Summ           ####         1%          1    None
i - Call Imp              Summ           ####....     1%          2    #......

Your spell library contained the following spells:

 Spells                   Type           Power        Failure   Level  Hunger
 Call Canine Familiar     Summ           ####....     3%          3    ###....
 Summon Guardian Golem    Hex/Summ       ###.....     14%         3    ###....
 Summon Ice Beast         Ice/Summ       ###.....     43%         4    ####...
 Summon Lightning Spire   Summ/Air       ###.....     43%         4    ####...


Dungeon Overview and Level Annotations

Branches:
Dungeon (5/15)
 Temple: D:4-7

Altars:
Uskayaw


Innate Abilities, Weirdness & Mutations

Your experience applies equally to all skills.
You have very sharp teeth.
Your uncanny sense of smell can sniff out nearby items.


Message History

Your bat disappears in a puff of smoke!
You swap places.
Found a quarterstaff.
Your quokka disappears in a puff of smoke!
You see here a quarterstaff.
r - a quarterstaff
Found an inky potion.
A worm comes into view.
You see here an inky potion.
s - an inky potion
There is a stone staircase leading down here.
You climb downwards.
There is a stone staircase leading up here.
Unknown command.
Unknown command.
Found a scroll labeled ASORPHU UDDENISH and 15 gold pieces.
Unknown command.
Found a scroll labeled ITTARPH SUODWUO.
You see here a scroll labeled ASORPHU UDDENISH.
h - 5 scrolls labeled ASORPHU UDDENISH (gained 1) Unknown command.
Found a ration.
Unknown command.
You see here a ration.
c - 2 rations (gained 1)
You see here a scroll labeled ITTARPH SUODWUO.
d - 2 scrolls labeled ITTARPH SUODWUO (gained 1)
Found a dagger and 2 rations.
Found a hide-covered altar of Uskayaw.
Found a club and a bubbling inky potion.
Unknown command.
Found 14 gold pieces.
You see here a ration.
c - 3 rations (gained 1)
A ball python comes into view.
Unknown command.
Found 11 stones.
You see here 11 stones.
o - 24 stones (gained 11)
Found 9 poisoned needles.
Found a ration.
You see here 14 gold pieces.
You now have 81 gold pieces (gained 14).
Found a stone staircase leading down.
Unknown command.
A quokka comes into view.
Found a hand axe.
Unknown command.
Found a rapier.
Found a scroll labeled WAEROU MOHEIPPAN.
You see here a ration.
Unknown command.
The helpless quokka fails to defend itself.
You puncture the quokka!
You kill the quokka!
You see here a ration.
c - 4 rations (gained 1)
There is a stone staircase leading down here.
You climb downwards.
There is a stone staircase leading up here.
Unknown command.
You climb upwards.
There is a stone staircase leading down here.
Unknown command.
Things that are here:
a hand axe; 17 gold pieces You now have 98 gold pieces (gained 17).
You see here a quokka corpse.
A leopard gecko comes into view.
Found 18 gold pieces, a spear and 3 scrolls labeled VOILOOREZA.
Unknown command.
An ogre and a howler monkey come into view.
Found 16 arrows.
An orc comes into view. It is wielding a +0 mace.
The ogre shouts!
Found 3 gold pieces.
An ogre opens the door.
You see here 7 gold pieces.
You now have 105 gold pieces (gained 7).
The orc shouts!
You hear an angry hiss.
Found a ration.
You see here a ration.
c - 5 rations (gained 1)
Press: ? - help, v - describe, . - travel A dispersal trap.
Unknown command.
As you read the scroll labeled ASORPHU UDDENISH, it crumbles to dust.
It is a scroll of identify.
s - a potion of cancellation The leopard gecko hisses menacingly.
It was a potion of heal wounds.
You feel much better.
It was a potion of curing.
You feel better.
The ogre enters a dispersal trap!
The ogre blinks!
You blink.
Wield which item (- for none, * to show all)? (? for menu, Esc to quit)
Okay, then.
It was a potion of agility.
You feel agile all of a sudden.
Wield which item (- for none, * to show all)? (? for menu, Esc to quit)
Okay, then.
Unknown command.
Are you sure you want to abandon this character and quit the game? (Confirm

.......
......#...##
....)..
#......###...####
.##....
#.....##)##.....#
.......
##...?..#.'....#.#
#......
##....#.##.##.#...#
......
.....####...####..#
.....O
.#..##$...?...)##.#
......
.....####..(####..#
.<....
#....#@##.##.#..##
.#####
#.....O.#h#..o.##
.. #......##$##.###
#.# #.......###..#
. #####...^#..## .
##...l..# ##.....#
#######


You could see an ogre, a howler monkey, an orc and a leopard gecko.

Vanquished Creatures
  A dart slug (D:1)
  A hobgoblin (D:1)
  A quokka (D:4)
  A bat (D:3)
  A frilled lizard (D:1)
  2 goblins (D:1)
  A quokka skeleton (D:4)
8 creatures vanquished.

Vanquished Creatures (collateral kills)
  A worm (D:2)
  2 ball pythons
  A giant cockroach (D:4)
  A kobold (D:3)
  A quokka (D:3)
  3 bats
  A frilled lizard (D:3)
  2 rats
12 creatures vanquished.

Grand Total: 20 creatures vanquished

Notes
Turn   | Place    | Note
-------+----------+-------------------------------------------
     0 | D:1      | tidbits the Gnoll Summoner began the quest for the Orb.
     0 | D:1      | Reached XP level 1. HP: 13/13 MP: 6/6
   142 | D:1      | Reached XP level 2. HP: 19/19 MP: 4/7
   149 | D:1      | Learned a level 2 spell: Call Imp
   503 | D:4      | Noticed an ogre
   619 | D:4      | Found a hide-covered altar of Uskayaw.
   655 | D:5      | Entered Level 5 of the Dungeon
   664 | D:4      | Noticed a howler monkey
   664 | D:4      | Noticed an ogre
   686 | D:4      | Quit the game

Vault maps used:
D:1:      lemuel_arrival_rhombus
D:2:      minmay_wonky_spiral, nicolae_overflow_crystal_walls,
          lemuel_crystal_altar, minmay_heptomino_w4, uniq_crazy_yiuf_cottage
D:3:      old_standard_altar
D:4:      eat_drink_and_be_merry_uskayaw, first_ration, serial_curves,
          eino_curves_03, eino_curves_02, minmay_fractal_squares_gapless_5
D:5:      gammafunk_ghost_arena, grunt_ministairs_6, uniq_edmund, uniq_sigmund

Action                   || total
-------------------------++-------
Melee: Short sword       ||    26
       Bite              ||     3
       Dagger            ||     3
 Cast: Summon Small Mamm ||    17
       Call Imp          ||     3
  Use: Potion            ||     3
       Scroll            ||     1
 Stab: Sleeping          ||     7
       Distracted        ||     1
Armor: Robe              ||     5
Dodge: Dodged            ||    36
Block: Buckler           ||     5

Table legend:
 A = Non-vault XP
 B = Vault XP
 C = Vault XP percentage of total XP
 D = Non-vault monster count
 E = Vault monster count
 F = Vault count percentage of total count
                 A         B        C        D         E       F
            +---------+---------+-------+---------+---------+-------
      Total |      29 |       0 |   0.0 |      20 |       0 |   0.0
            +---------+---------+-------+---------+---------+-------
        D:1 |      14 |       0 |   0.0 |       9 |       0 |   0.0
        D:2 |       4 |       0 |   0.0 |       2 |       0 |   0.0
        D:3 |       7 |       0 |   0.0 |       6 |       0 |   0.0
        D:4 |       4 |       0 |   0.0 |       3 |       0 |   0.0
            +---------+---------+-------+---------+---------+-------

Table legend:
 A = Turns spent in this place as a percentage of turns spent in the entire game.
 B = Non-inter-level travel turns spent in this place as a percentage of non-inter-level travel turns spent in the entire game.
 C = Inter-level travel turns spent in this place as a percentage of turns spent in this place.
 D = Turns resting spent in this place as a percentage of non-inter-level travel turns spent in this place.
 E = Turns spent auto-exploring this place as a percentage of non-inter-level travel turns spent in this place.
 F = Non-inter-level travel turns spent in this place divided by the number of levels of this place that you've seen.
                   A       B       C       D       E      F
               +-------+-------+-------+-------+-------+----------------------
         Total | 100.0 | 100.0 |   2.9 |   0.0 |   0.0 | 133.2
       Dungeon | 100.0 | 100.0 |   2.9 |   0.0 |   0.0 | 133.2
               +-------+-------+-------+-------+-------+----------------------

Table legend:
 A = Kills in this place as a percentage of kills in entire the game.
 B = Kills by you in this place as a percentage of kills by you in the entire game.
 C = Kills by friends in this place as a percentage of kills by friends in the entire game.
 D = Other kills in this place as a percentage of other kills in the entire game.
 E = Experience gained in this place as a percentage of experience gained in the entire game.
 F = Experience gained in this place divided by the number of levels of this place that you have seen.
                   A       B       C       D       E      F
               +-------+-------+-------+-------+-------+----------------------
         Total | 100.0 | 100.0 | 100.0 |   N/A | 100.0 |   5.8
       Dungeon | 100.0 | 100.0 | 100.0 |   N/A | 100.0 |   5.8
               +-------+-------+-------+-------+-------+----------------------

Vault maps used:
D:1:      lemuel_arrival_rhombus
D:2:      minmay_wonky_spiral, nicolae_overflow_crystal_walls,
          lemuel_crystal_altar, minmay_heptomino_w4, uniq_crazy_yiuf_cottage
D:3:      old_standard_altar
D:4:      eat_drink_and_be_merry_uskayaw, first_ration, serial_curves,
          eino_curves_03, eino_curves_02, minmay_fractal_squares_gapless_5
D:5:      gammafunk_ghost_arena, grunt_ministairs_6, uniq_edmund, uniq_sigmund
